 Dungeon Crawl Stone Soup version 0.31.0-9-g3a7656b989 (webtiles) character file.

Game seed: 1716084980448140618

6134 qw the Nimble (level 10, -6/49 HPs)
             Began as a Spriggan Hunter on Feb 2, 2024.
             Was an Elder of Okawaru.
             Shot with an arrow by a centaur warrior (10 damage)
             ... on level 9 of the Dungeon.
             The game lasted 00:00:31 (7109 turns).

qw the Nimble (Spriggan Hunter)                     Turns: 7109, Time: 00:00:32

Health: -6/49      AC:  6    Str:  7    XL:     10   Next: 59%
Magic:  11/16      EV: 29    Int: 10    God:    Okawaru [****..]
Gold:   468        SH:  5    Dex: 24    Spells: 9/9 levels left

rFire   . . .        f - +9 orcbow (heavy)
rCold   . . .        (shield currently unavailable)
rNeg    . . .        c - +1 robe
rPois   .            a - +2 hat
rElec   .            o - +0 cloak
rCorr   .            (gloves unavailable)
SInv    +            (boots unavailable)
Will    +....        r - amulet of reflection
Stlth   ++           (no ring)
HPRegen 0.28/turn    (no ring)
MPRegen 0.15/turn

%: reflection
@: about to teleport, finesse-ful, very quick
A: very small, no large weapons, unfitting armour, see invisible, speed 3
a: Renounce Religion, Heroism, Finesse


You were on level 9 of the Dungeon.
You worshipped Okawaru.
Okawaru was greatly pleased with you.
You visited 2 branches of the dungeon, and saw 10 of its levels.

You collected 468 gold pieces.


Innate Abilities, Weirdness & Mutations

You are very small and have problems with some larger weapons.
You are too small for most types of armour.
You have supernaturally acute eyesight. (SInv)
You cover ground extremely quickly. (Speed+++)


   Skills:
 - Level 4.0 Fighting
 + Level 11.2 Ranged Weapons
 - Level 12.0 Dodging
 - Level 1.5 Stealth
 + Level 6.9 Invocations


You had 9 spell levels left.
You didn't know any spells.
Your spell library was empty.

Inventory:

Hand Weapons
 f - a +9 heavy orcbow (weapon)
Armour
 a - a +2 hat (worn)
 c - a +1 robe (worn)
 o - a +0 cloak (worn)
Jewellery
 r - an amulet of reflection (around neck)
Wands
 d - a wand of paralysis (12)
 g - a wand of roots (8)
 k - a wand of digging (1)
Scrolls
 b - 3 scrolls of teleportation
 j - a scroll of enchant weapon
 n - a scroll of brand weapon
Potions
 e - 2 potions of magic
 h - a potion of mutation
 i - a potion of haste
 l - a potion of enlightenment
 p - a potion of might

Dungeon Overview and Level Annotations

Branches:
Dungeon (9/15)             Temple (1/1) D:5
   Lair: D:8-11         Orc: D:9-12

Altars:
Ashenzari
Cheibriados
Dithmenos
Elyvilon
Fedhas
Gozag
Hepliaklqana
Kikubaaqudgha
Makhleb
Nemelex Xobeh
Okawaru
Qazlal
Ru
Sif Muna
Trog
Uskayaw
Vehumet
Wu Jian
Xom
Yredelemnul
Zin
The Shining One

Shops:
D:1 :

Annotations:
D:4 2 runed translucent doors, qw's ghost, amateur DgHu


Message History

The bullfrog croaks.
You shoot an arrow. The arrow hits the bullfrog!!!
You kill the bullfrog!
Okawaru accepts your kill.
Found a stone staircase leading up.
Enter note:
Enter note:
Enter note:
Enter note:
Enter note:
Found a book of Decay.
Enter note:
Enter note:
Found a book of Cantrips.
A centaur comes into view.
The centaur shouts!
The centaur wields a +0 orcbow.
The centaur shoots an arrow.
The arrow completely misses you.
You shoot an arrow. The arrow hits the centaur.
The centaur is lightly wounded.
The centaur shoots an arrow.
The arrow hits you!
You shoot an arrow. The arrow hits the centaur!
The centaur is heavily wounded.
A centaur warrior comes into view.
The centaur shoots an arrow.
The arrow hits you!
The centaur shoots an arrow.
You block the arrow with an invisible shield... and reflect it back!
The arrow hits the centaur!
You kill the centaur!
Okawaru accepts your kill.
7108 ||| INVOKING Finesse.
You can now deal lightning-fast blows.
The centaur warrior shouts!
The centaur warrior wields a +0 orcbow.
The centaur warrior shoots an arrow.
The arrow hits you!!
Ouch! That really hurt!
7109 ||| READING 4 scrolls of teleportation.
As you read the scroll of teleportation, it crumbles to dust.
You feel strangely unstable.
The centaur warrior shoots an arrow.
The arrow hits you!
You die...

.....................
......................
......................
....................:.
...............:......
......................
......................
..............@.......
............###.......
..######....# .......
#....# ....... #....#
....... .. #....#
....c.. ...
#....###....)..
...######..............
.................


You could see a centaur warrior.

Vanquished Creatures
  A two-headed ogre (D:7)
  Pikel (D:5)
  10 yaks (D:8)
  A shadow (D:9)
  A steam dragon (D:6)
  3 sky beasts
  A black bear (D:4)
  9 centaurs
  3 phantoms
  An ogre (D:7)
  2 lemures (D:5)
  8 bullfrogs
  4 scorpions
  5 wights (D:8)
  2 howler monkeys
  5 bombardier beetles
  2 hounds
  3 jellies
  3 orc priests
  A gnoll bouda (D:8)
  3 sleepcaps
  Natasha (D:3)
  2 iguanas
  2 orc wizards
  7 gnolls
  8 adders
  2 shadow imps
  6 white imps
  A ribbon worm (D:4)
  2 dart slugs
  21 orcs
  2 bats (D:1)
  6 endoplasms
  3 giant cockroaches
  2 hobgoblins
  2 jackals (D:4)
  A kobold (D:3)
  2 quokkas
  6 ball pythons
  2 frilled lizards (D:2)
  7 goblins
  2 rats
156 creatures vanquished.

Notes
Turn   | Place    | Note
-------+----------+-------------------------------------------
     0 | D:1      | qw the Spriggan Hunter began the quest for the Orb.
     0 | D:1      | Reached XP level 1. HP: 10/10 MP: 2/2
     0 | D:1      | 0 ||| qw: Version: 0.3-a-155-g5e7d8dd
     0 | D:1      | 0 ||| qw: Game counter: 1230
     0 | D:1      | 0 ||| qw: Melee chars always use a shield: true
     0 | D:1      | 0 ||| qw: God list: Okawaru
     0 | D:1      | 0 ||| qw: Allow faded altars: false
     0 | D:1      | 0 ||| qw: Do Orc after clearing Dungeon:15 true
     0 | D:1      | 0 ||| qw: Do second Lair branch before Depths: true
     0 | D:1      | 0 ||| qw: Lair rune preference: random
     0 | D:1      | 0 ||| qw: Goals: Normal
     0 | D:1      | 0 ||| PLANNING D:1-11
    28 | D:1      | Found Waixkydd's Book Shoppe.
    30 | D:1      | You fall into a shaft and drop 1 floor!
    31 | D:2      | 31 ||| DROPPING scroll of butterflies.
    48 | D:1      | Reached skill level 3 in Dodging
   156 | D:1      | Reached XP level 2. HP: 14/14 MP: 3/3
   381 | D:1      | 381 ||| READING 2 scrolls labelled BUGYIV JITOHEPT.
   476 | D:2      | Reached skill level 4 in Dodging
   873 | D:2      | 873 ||| READING scroll labelled LEBLE HAOHA.
   874 | D:2      | 874 ||| READING scroll labelled RUCEREB MIHO.
   874 | D:2      | Identified a scroll of acquirement
   874 | D:2      | 874 ||| ACQUIRING +7 heavy orcbow
   874 | D:2      | Acquired a +7 heavy orcbow
   876 | D:2      | 876 ||| SWAPPING to +7 heavy orcbow.
   877 | D:2      | 877 ||| DROPPING +0 shortbow.
   905 | D:2      | Reached XP level 3. HP: 18/18 MP: 4/4
  1407 | D:2      | 1407 ||| UPGRADING to +2 hat.
  1812 | D:3      | 1812 ||| PLANNING SEWER
  1852 | D:3      | Noticed a phantom
  1855 | D:3      | Killed a phantom
  1856 | D:3      | Reached XP level 4. HP: 22/22 MP: 5/5
  2042 | D:3      | Reached XP level 5. HP: 25/25 MP: 6/6
  2224 | D:3      | Noticed Natasha
  2226 | D:3      | 2226 ||| FLEEEEING.
  2231 | D:3      | Killed Natasha
  2388 | D:3      | Reached skill level 5 in Dodging
  2603 | D:3      | Reached skill level 6 in Ranged Weapons
  2671 | D:3      | Found a glowing drain.
  2672 | D:3      | 2672 ||| RIP SEWER
  2672 | D:3      | 2672 ||| PLANNING D:1-11
  2674 | D:3      | 2674 ||| READING scroll labelled BIBOH XUPESA.
  2674 | D:3      | 2674 ||| ENCHANTING +0 robe.
  2675 | D:3      | 2675 ||| READING scroll labelled MOGANE UTZI.
  2676 | D:3      | 2676 ||| READING scroll labelled XOUSIM CIETACK.
  2676 | D:3      | 2676 ||| ENCHANTING +7 heavy orcbow.
  2704 | D:4      | 2704 ||| RETREEEEATING.
  2706 | D:4      | Reached XP level 6. HP: 11/30 MP: 7/7
  2707 | D:4      | 2707 ||| FLEEEEING.
  2709 | D:4      | 2709 ||| FLEEEEING.
  2711 | D:4      | 2711 ||| FLEEEEING.
  2712 | D:4      | 2712 ||| FLEEEEING.
  2713 | D:4      | 2713 ||| FLEEEEING.
  2715 | D:4      | 2715 ||| STAIRDANCE
  2717 | D:3      | 2717 ||| PLANNING SEWER
  2778 | D:3      | 2778 ||| RIP SEWER
  2781 | D:3      | 2781 ||| PLANNING D:1-11
  2890 | D:4      | 2890 ||| STAIRDANCE
  2895 | D:4      | 2895 ||| STAIRDANCE
  2899 | D:3      | Reached skill level 6 in Dodging
  2906 | D:4      | 2906 ||| STAIRDANCE
  2912 | D:4      | 2912 ||| STAIRDANCE
  2919 | D:4      | 2919 ||| STAIRDANCE
  2955 | D:4      | 2955 ||| STAIRDANCE
  3087 | D:4      | Found a large runed translucent door.
  3087 | D:4      | Found a large runed translucent door.
  3087 | D:4      | Noticed qw's ghost (amateur DgHu)
  3165 | D:4      | Reached XP level 7. HP: 35/35 MP: 8/8
  3292 | D:4      | Reached skill level 7 in Dodging
  3473 | D:4      | 3473 ||| UPGRADING to +0 cloak.
  3478 | D:4      | 3478 ||| READING 2 scrolls labelled DUTUCK ARISHRIH.
  3478 | D:4      | 3478 ||| IDENTIFYING gluggy blue potion
  3479 | D:4      | 3479 ||| READING scroll of identify.
  3479 | D:4      | 3479 ||| IDENTIFYING sapphire potion
  3480 | D:4      | 3480 ||| READING scroll labelled UTSOKU EFFU.
  3581 | D:4      | 3581 ||| DRINKING 2 viscous yellow potions.
  3606 | D:4      | 3606 ||| DROPPING potion of magic.
  3607 | D:4      | 3607 ||| DROPPING potion of attraction.
  3608 | D:4      | 3608 ||| DROPPING potion of lignification.
  3620 | D:5      | Entered Level 5 of the Dungeon
  3658 | D:5      | Noticed Pikel
  3659 | D:5      | 3659 ||| ZAPPING wand of acid (4) at 1,0 (Pikel; floor).
  3660 | D:5      | 3660 ||| ZAPPING wand of acid (3) at 1,0 (Pikel; floor).
  3661 | D:5      | 3661 ||| RETREEEEATING.
  3662 | D:5      | 3662 ||| ZAPPING wand of acid (2) at 2,1 (Pikel; floor).
  3663 | D:5      | 3663 ||| ZAPPING wand of acid (1) at 1,1 (Pikel; floor).
  3665 | D:5      | Killed Pikel
  3666 | D:5      | Reached XP level 8. HP: 34/39 MP: 9/9
  3738 | D:5      | Found a staircase to the Ecumenical Temple.
  3739 | D:5      | 3739 ||| PLANNING TEMPLE
  3743 | Temple   | Entered the Ecumenical Temple
  3744 | Temple   | 3744 ||| PLANNING OKAWARU WORSHIP
  3757 | Temple   | Became a worshipper of Warmaster Okawaru
  3758 | Temple   | 3758 ||| PLANNING D:1-11
  3775 | D:5      | Reached skill level 8 in Dodging
  3889 | D:5      | Reached skill level 3 in Fighting
  3929 | D:5      | Reached skill level 9 in Ranged Weapons
  4409 | D:5      | 4409 ||| DROPPING +6 ring of intelligence.
  4410 | D:5      | 4410 ||| READING scroll labelled GOCIRI KOQUR.
  4411 | D:5      | 4411 ||| DRINKING 2 fizzy silvery potions.
  4412 | D:5      | 4412 ||| DRINKING 2 orange potions.
  4538 | D:6      | Reached * piety under Okawaru
  4539 | D:6      | Reached skill level 9 in Dodging
  5069 | D:6      | 5069 ||| READING scroll of enchant weapon.
  5069 | D:6      | 5069 ||| ENCHANTING +8 heavy orcbow.
  5177 | D:6      | Reached skill level 1 in Invocations
  5243 | D:6      | 5243 ||| DROPPING amulet of magic regeneration.
  5244 | D:6      | 5244 ||| UPGRADING to amulet of reflection.
  5249 | D:6      | 5249 ||| DROPPING ring of flight.
  5250 | D:6      | 5250 ||| READING 2 scrolls of identify.
  5250 | D:6      | 5250 ||| IDENTIFYING fuming silvery potion
  5251 | D:6      | 5251 ||| READING scroll of identify.
  5251 | D:6      | 5251 ||| IDENTIFYING fuming amethyst potion
  5252 | D:6      | 5252 ||| DROPPING potion of brilliance.
  5263 | D:7      | 5263 ||| STAIRDANCE
  5266 | D:6      | Reached XP level 9. HP: 44/44 MP: 9/11
  5431 | D:7      | Reached skill level 10 in Dodging
  5504 | D:7      | Reached skill level 3 in Invocations
  5515 | D:7      | Reached ** piety under Okawaru
  5611 | D:7      | Found a hide-covered altar of Uskayaw.
  5690 | D:7      | Noticed a two-headed ogre
  5695 | D:7      | 5695 ||| INVOKING Heroism.
  5697 | D:7      | Killed a two-headed ogre
  5884 | D:7      | Reached *** piety under Okawaru
  5956 | D:7      | 5956 ||| READING 2 scrolls of identify.
  5956 | D:7      | 5956 ||| IDENTIFYING cyan potion
  5957 | D:7      | 5957 ||| READING scroll of identify.
  5957 | D:7      | 5957 ||| IDENTIFYING sedimented black potion
  5958 | D:7      | 5958 ||| READING scroll labelled APPUYBB PESTRIL.
  5959 | D:7      | 5959 ||| READING 2 scrolls labelled DAYCLE YSCHOXOV.
  5960 | D:7      | 5960 ||| DROPPING potion of ambrosia.
  6073 | D:8      | Found a white marble altar of Elyvilon.
  6073 | D:8      | Found an ornate altar of the Wu Jian Council.
  6097 | D:8      | Reached skill level 11 in Dodging
  6098 | D:8      | 6098 ||| RETREEEEATING.
  6099 | D:8      | 6099 ||| RETREEEEATING.
  6100 | D:8      | 6100 ||| RETREEEEATING.
  6101 | D:8      | 6101 ||| RETREEEEATING.
  6103 | D:8      | 6103 ||| RETREEEEATING.
  6105 | D:8      | 6105 ||| RETREEEEATING.
  6107 | D:8      | Reached XP level 10. HP: 49/49 MP: 14/14
  6108 | D:8      | 6108 ||| RETREEEEATING.
  6110 | D:8      | 6110 ||| RETREEEEATING.
  6122 | D:8      | Reached **** piety under Okawaru
  6219 | D:8      | 6219 ||| RETREEEEATING.
  6221 | D:8      | 6221 ||| RETREEEEATING.
  6222 | D:8      | 6222 ||| RETREEEEATING.
  6224 | D:8      | 6224 ||| RETREEEEATING.
  6227 | D:8      | 6227 ||| RETREEEEATING.
  6228 | D:8      | 6228 ||| RETREEEEATING.
  6230 | D:8      | 6230 ||| RETREEEEATING.
  6233 | D:8      | 6233 ||| RETREEEEATING.
  6234 | D:8      | 6234 ||| RETREEEEATING.
  6235 | D:8      | 6235 ||| RETREEEEATING.
  6238 | D:8      | 6238 ||| RETREEEEATING.
  6242 | D:8      | 6242 ||| RETREEEEATING.
  6392 | D:8      | Reached skill level 6 in Invocations
  6703 | D:8      | Reached skill level 12 in Dodging
  6827 | D:8      | 6827 ||| READING scroll of identify.
  6827 | D:8      | 6827 ||| IDENTIFYING bubbling red potion
  6828 | D:8      | 6828 ||| READING scroll labelled NINKAU TIDAMPO.
  6829 | D:8      | 6829 ||| DROPPING potion of degeneration.
  7107 | D:9      | Noticed a centaur warrior
  7108 | D:9      | 7108 ||| INVOKING Finesse.
  7108 | D:9      | HP: 4/49 [centaur warrior/arrow (27)]
  7109 | D:9      | 7109 ||| READING 4 scrolls of teleportation.
  7109 | D:9      | Shot with an arrow by a centaur warrior

Levels and vault maps discovered:
D:1:      onia_arrival_mini_spirals, layout_basic, serial_shops, shop
D:2:      layout_basic, serial_co_window_serial, co_window_paths_a,
          co_window_corner_a, co_window_paths_a, co_window_paths_a,
          co_window_corner_a, co_window_paths_a, co_window_corner_a,
          co_window_unsneaky_path_d, co_window_corner_b, co_window_corner_cb,
          glass_columns_a, glass_columns_a, glass_columns_a, glass_columns_a
D:3:      layout_basic, portal_sewer_entry_d, uniq_natasha
D:4:      layout_rooms, ebering_ghost_disaster_area, serial_curves,
          eino_curves_03, eino_curves_01
D:5:      layout_gridville, minmay_temple_entry_arrows, uniq_pikel
D:6:      layout_loops_corners
D:7:      layout_basic, kennysheep_small_circle
D:8:      layout_basic, amethyst_overflow_temple_binary, centaur_isle
D:9:      layout_small_grid, minmay_fountain_box
Temple:   nicolae_temple_bog_church

Skill      XL: |  1  2  3  4  5  6  7  8  9 10 |
---------------+-------------------------------+-----
Dodging        | 3 4 5 6 7 9 11 12 | 12.0
Ranged Weapons | 5 6 7 8 9 10 11 | 11.2
Fighting       | 2 3 4 |  4.0
Invocations    | 2 5 6 |  6.9
Stealth        | |  1.5

Action                     |  1- 3 |  4- 6 |  7- 9 | 10-12 || total
---------------------------+-------+-------+-------+-------++-------
   Fire: Shortbow          |    40 |       |       |       ||    40
         Orcbow            |    20 |    63 |   129 |    62 ||   274
 Invoke: Heroism           |       |       |     1 |       ||     1
         Finesse           |       |       |       |     1 ||     1
  Evoke: Wand              |       |       |     4 |       ||     4
    Use: Scroll            |     3 |     3 |    11 |     3 ||    20
         Potion            |       |       |     3 |       ||     3
 Armour: Robe              |     4 |     4 |    14 |    11 ||    33
  Dodge: Dodged            |     8 |    17 |    30 |    35 ||    90
  Block: Other             |       |       |     5 |    13 ||    18
         Reflection        |       |       |       |     7 ||     7

Table legend:
 A = Non-vault XP
 B = Vault XP
 C = Vault XP percentage of total XP
 D = Non-vault monster count
 E = Vault monster count
 F = Vault count percentage of total count
                 A         B        C        D         E       F
            +---------+---------+-------+---------+---------+-------
      Total |    7306 |    1457 |  16.6 |     142 |      12 |   7.8
            +---------+---------+-------+---------+---------+-------
        D:1 |      13 |       0 |   0.0 |       8 |       0 |   0.0
        D:2 |      41 |       0 |   0.0 |      16 |       0 |   0.0
        D:3 |     352 |      50 |  12.4 |      21 |       2 |   8.7
        D:4 |     499 |       0 |   0.0 |      19 |       0 |   0.0
        D:5 |     598 |     673 |  53.0 |      20 |       1 |   4.8
        D:6 |     450 |       0 |   0.0 |       7 |       0 |   0.0
        D:7 |    1947 |      56 |   2.8 |      18 |       3 |  14.3
        D:8 |    3004 |     678 |  18.4 |      30 |       6 |  16.7
        D:9 |     402 |       0 |   0.0 |       3 |       0 |   0.0
            +---------+---------+-------+---------+---------+-------
